 Dungeon Crawl Stone Soup version 0.29.0-4-gdea44cf6ec (webtiles) character file.

Game seed: 576602462634936114

252 qw the Chopper (level 6, -5/50 HPs)
             Began as a Ghoul Summoner on Sept 9, 2022.
             Slain by an orc warrior
             ... wielding a +0 hand axe
              (9 damage)
             ... on level 5 of the Dungeon.
             The game lasted 00:02:09 (5118 turns).

qw the Chopper (Ghoul Summoner)                     Turns: 5118, Time: 00:02:09

Health: -5/50      AC: 14    Str: 14    XL:     6   Next: 13%
Magic:  7/7        EV:  4    Int: 10    God:
Gold:   282        SH:  0    Dex:  9    Spells: 7/8 levels left

rFire   . . .      SeeInvis .   Y - +1 war axe
rCold   + . .      Faith    .   (no shield)
rNeg    + + +      Spirit   .   l - +0 plate armour
rPois   inf        Reflect  .   b - +1 helmet
rElec   .          Harm     .   k - +1 cloak
rCorr   .          Rampage  .   (no gloves)
Will    .....                   (no boots)
Stlth   ..........              (no amulet)
HPRegen 0.00/turn               (no ring)
MPRegen 0.10/turn               (no ring)

@: inhibited regen
A: claws 1, cold resistance 1, negative energy resistance 3, inhibited
regeneration, torment resistance 2, devour on kill
a: no special abilities


You were on level 5 of the Dungeon.
You visited 1 branch of the dungeon, and saw 5 of its levels.

You collected 282 gold pieces.


Innate Abilities, Weirdness & Mutations

You are immune to poison.
You have sharp fingernails.
Your flesh is cold resistant. (rC+)
You are immune to negative energy. (rN+++)
You do not regenerate when monsters are visible.
You are immune to unholy pain and torment.
You thrive by killing the living.


   Skills:
 + Level 2.7 Fighting
 - Level 4.1 Axes
 - Level 1.7 Armour
 - Level 1.7 Dodging
 - Level 2.1 Stealth
 - Level 1.7 Spellcasting
 - Level 3.6 Summonings


You had 7 spell levels left.
You knew the following spells:

 Your Spells              Type           Power      Damage    Failure   Level
a - Summon Small Mammal   Summ           32%        N/A       100%        1

Your spell library contained the following spells:

 Spells                   Type           Power      Damage    Failure   Level
 Call Imp                 Summ           8%         N/A       100%        2
 Call Canine Familiar     Summ           8%         N/A       100%        3
 Summon Guardian Golem    Hex/Summ       4%         N/A       100%        3
 Summon Lightning Spire   Summ/Air       4%         N/A       100%        4

Inventory:

Hand Weapons
 c - a +0 whip
 Y - a +1 war axe (weapon)
Armour
 b - a +1 helmet (worn)
 f - a +0 pair of boots
 k - a +1 cloak (worn)
 l - a +0 plate armour (worn)
Scrolls
 a - a scroll of blinking {unknown}
 i - a scroll of identify
Potions
 d - a potion of brilliance {unknown}
 e - a potion of heal wounds

Dungeon Overview and Level Annotations

Branches:
Dungeon (5/15)
 Temple: D:4-7

Altars:
Wu Jian

Shops:
D:4 *

Annotations:
D:4 2 runed translucent doors, qw's ghost, amateur DsCA


Message History

You miss the adder.
The adder is heavily wounded.
The adder bites you but does no damage. The adder bites you.
You barely miss the adder.
The adder is heavily wounded.
The adder bites you but does no damage.
You barely miss the adder.
The adder is heavily wounded.
The adder bites you but does no damage. x2
You hit the adder.
The adder is almost dead.
The adder bites you. The adder bites you but does no damage.
You hit the adder.
You kill the adder!
You feel better.
There is a stone staircase leading down here.
You now have 282 gold pieces (gained 5).
An orc warrior comes into view. It is wielding a +0 hand axe.
Found 14 gold pieces.
Enter note: An orc comes into view. It is wielding a +0 short sword.
5113 ||| Stepping ~*~*~tactically~*~*~ (stealth).
The orc warrior attacks as you move away!
The orc warrior hits you with a +0 hand axe.
You hit the orc warrior but do no damage.
The orc warrior hits you but does no damage.
The orc warrior hits you with a +0 hand axe.
You slash the orc warrior!
The orc warrior is moderately wounded.
The orc warrior hits you with a +0 hand axe!
You slash the orc warrior!
The orc warrior is severely wounded.
The orc warrior hits you with a +0 hand axe!
You hit the orc warrior.
The orc warrior is severely wounded.
The orc warrior hits you with a +0 hand axe.
You hit the orc warrior but do no damage.
The orc warrior is severely wounded.
The orc warrior hits you with a +0 hand axe! x2
You die...

#...# ..# .. ###.#
#.# .# .# #.#
#.##.# ..
#.####....###.#
#.#...........#
#.#.####>###.##
#........# .#
###.###..###.####..
#.# #...@o.......
#.# ##.###.#####$
#.# #.# .# #.# #.#
.# ... #.. .. ...
... .. ... ### #.#
o#


You could see an orc warrior.

Vanquished Creatures
  A scorpion (D:4)
  Ijyb (D:3)
  An iguana (D:4)
  4 adders
  2 worms
  2 dart slugs
  3 endoplasms
  3 giant cockroaches
  9 goblins
  5 hobgoblins
  9 jackals
  2 quokkas
  7 ball pythons
  3 bats (D:3)
  7 kobolds
  3 rats (D:1)
62 creatures vanquished.

Vanquished Creatures (collateral kills)
  2 adders (D:2)
  4 bats
  An endoplasm (D:1)
  A goblin (D:1)
  A hobgoblin (D:2)
  A quokka (D:1)
  2 ball pythons (D:2)
  A frilled lizard (D:1)
  A rat (D:1)
  A butterfly (D:2)
15 creatures vanquished.

Grand Total: 77 creatures vanquished

Notes
Turn   | Place    | Note
-------+----------+-------------------------------------------
     0 | D:1      | qw the Ghoul Summoner began the quest for the Orb.
     0 | D:1      | Reached XP level 1. HP: 14/14 MP: 2/2
     0 | D:1      | 0 ||| qw: Version: 0.1-a-113-g051387a
     0 | D:1      | 0 ||| qw: Game counter: 7223
     0 | D:1      | 0 ||| qw: Always use a shield: true
     0 | D:1      | 0 ||| qw: God list: Okawaru
     0 | D:1      | 0 ||| qw: Allow faded altars: false
     0 | D:1      | 0 ||| qw: Do Orc after D:15 true
     0 | D:1      | 0 ||| qw: Do second Lair branch before Depths: true
     0 | D:1      | 0 ||| qw: Lair rune preference: random
     0 | D:1      | 0 ||| qw: Plans: Normal
     0 | D:1      | 0 ||| PLANNING D:1-11
    39 | D:1      | 39 ||| CASTING Summon Small Mammal
    40 | D:1      | 40 ||| CASTING Summon Small Mammal
    52 | D:1      | 52 ||| CASTING Summon Small Mammal
    64 | D:1      | 64 ||| CASTING Summon Small Mammal
    70 | D:1      | Reached skill level 1 in Axes
    90 | D:1      | 90 ||| Wielding weapon +0 club.
   100 | D:1      | 100 ||| CASTING Summon Small Mammal
   101 | D:1      | 101 ||| CASTING Summon Small Mammal
   148 | D:1      | 148 ||| CASTING Summon Small Mammal
   149 | D:1      | 149 ||| CASTING Summon Small Mammal
   160 | D:1      | 160 ||| CASTING Summon Small Mammal
   163 | D:1      | Reached XP level 2. HP: 7/22 MP: 0/3
   165 | D:1      | HP: 5/22 [frozen (2)]
   166 | D:1      | HP: 1/22 [endoplasm (3)]
   168 | D:1      | Reached skill level 1 in Fighting
   481 | D:1      | 481 ||| CASTING Summon Small Mammal
   482 | D:1      | 482 ||| CASTING Summon Small Mammal
   483 | D:1      | 483 ||| CASTING Summon Small Mammal
   521 | D:1      | 521 ||| CASTING Summon Small Mammal
   522 | D:1      | 522 ||| CASTING Summon Small Mammal
   523 | D:1      | 523 ||| CASTING Summon Small Mammal
   575 | D:1      | 575 ||| UPGRADING to +0 ring mail.
   585 | D:1      | 585 ||| DROPPING +0 robe.
   586 | D:1      | 586 ||| DROPPING potion of magic.
   587 | D:1      | 587 ||| Stepping randomly (stuck).
   588 | D:1      | 588 ||| Stepping randomly (stuck).
   589 | D:1      | 589 ||| Stepping randomly (stuck).
   590 | D:1      | 590 ||| Stepping randomly (stuck).
   591 | D:1      | 591 ||| Stepping randomly (stuck).
   592 | D:1      | 592 ||| CASTING Summon Small Mammal
   593 | D:1      | 593 ||| CASTING Summon Small Mammal
   594 | D:1      | 594 ||| CASTING Summon Small Mammal
   642 | D:1      | 642 ||| CASTING Summon Small Mammal
   643 | D:1      | 643 ||| CASTING Summon Small Mammal
   644 | D:1      | 644 ||| CASTING Summon Small Mammal
   654 | D:1      | 654 ||| CASTING Summon Small Mammal
   704 | D:1      | 704 ||| CASTING Summon Small Mammal
   705 | D:1      | 705 ||| CASTING Summon Small Mammal
   706 | D:1      | 706 ||| CASTING Summon Small Mammal
   772 | D:1      | 772 ||| CASTING Summon Small Mammal
   773 | D:1      | 773 ||| CASTING Summon Small Mammal
   775 | D:1      | 775 ||| CASTING Summon Small Mammal
   784 | D:1      | 784 ||| Stepping ~*~*~tactically~*~*~ (outnumbered).
   785 | D:1      | 785 ||| Stepping ~*~*~tactically~*~*~ (outnumbered).
   786 | D:1      | 786 ||| CASTING Summon Small Mammal
   794 | D:1      | 794 ||| CASTING Summon Small Mammal
   831 | D:1      | Found a faded altar of an unknown god.
   880 | D:1      | 880 ||| CASTING Summon Small Mammal
   881 | D:1      | 881 ||| CASTING Summon Small Mammal
   882 | D:1      | 882 ||| CASTING Summon Small Mammal
   924 | D:1      | 924 ||| CASTING Summon Small Mammal
   925 | D:1      | 925 ||| CASTING Summon Small Mammal
   926 | D:1      | 926 ||| CASTING Summon Small Mammal
  1029 | D:1      | 1029 ||| CASTING Summon Small Mammal
  1030 | D:1      | 1030 ||| CASTING Summon Small Mammal
  1031 | D:1      | 1031 ||| CASTING Summon Small Mammal
  1036 | D:1      | Reached XP level 3. HP: 27/28 MP: 0/4
  1076 | D:1      | 1076 ||| CASTING Summon Small Mammal
  1077 | D:1      | 1077 ||| CASTING Summon Small Mammal
  1078 | D:1      | 1078 ||| CASTING Summon Small Mammal
  1079 | D:1      | 1079 ||| CASTING Summon Small Mammal
  1082 | D:1      | Reached skill level 2 in Axes
  1125 | D:1      | You fall into a shaft and drop 1 floor!
  1126 | D:2      | 1126 ||| UPGRADING to +0 helmet.
  1131 | D:2      | 1131 ||| READING scroll labelled QUGALU KUBBUCU.
  1132 | D:2      | 1132 ||| DRINKING 2 ruby potions.
  1140 | D:2      | 1140 ||| CASTING Summon Small Mammal
  1141 | D:2      | 1141 ||| STAIRDANCE
  1301 | D:2      | 1301 ||| CASTING Summon Small Mammal
  1302 | D:2      | 1302 ||| CASTING Summon Small Mammal
  1303 | D:2      | 1303 ||| CASTING Summon Small Mammal
  1304 | D:2      | 1304 ||| CASTING Summon Small Mammal
  1311 | D:2      | 1311 ||| CASTING Summon Small Mammal
  1320 | D:2      | 1320 ||| CASTING Summon Small Mammal
  1489 | D:2      | 1489 ||| CASTING Summon Small Mammal
  1490 | D:2      | 1490 ||| CASTING Summon Small Mammal
  1491 | D:2      | 1491 ||| CASTING Summon Small Mammal
  1492 | D:2      | 1492 ||| CASTING Summon Small Mammal
  1521 | D:2      | 1521 ||| CASTING Summon Small Mammal
  1522 | D:2      | 1522 ||| CASTING Summon Small Mammal
  1523 | D:2      | 1523 ||| CASTING Summon Small Mammal
  1571 | D:2      | 1571 ||| Stepping ~*~*~tactically~*~*~ (stealth).
  1573 | D:2      | 1573 ||| Stepping ~*~*~tactically~*~*~ (stealth).
  1574 | D:2      | 1574 ||| CASTING Summon Small Mammal
  1575 | D:2      | 1575 ||| CASTING Summon Small Mammal
  1576 | D:2      | 1576 ||| CASTING Summon Small Mammal
  1577 | D:2      | 1577 ||| CASTING Summon Small Mammal
  1584 | D:2      | 1584 ||| CASTING Summon Small Mammal
  1646 | D:2      | 1646 ||| CASTING Summon Small Mammal
  1647 | D:2      | 1647 ||| CASTING Summon Small Mammal
  1648 | D:2      | 1648 ||| CASTING Summon Small Mammal
  1649 | D:2      | 1649 ||| CASTING Summon Small Mammal
  1656 | D:2      | 1656 ||| CASTING Summon Small Mammal
  1724 | D:2      | 1724 ||| CASTING Summon Small Mammal
  1725 | D:2      | 1725 ||| CASTING Summon Small Mammal
  1726 | D:2      | 1726 ||| CASTING Summon Small Mammal
  1727 | D:2      | 1727 ||| CASTING Summon Small Mammal
  1771 | D:2      | 1771 ||| SWAPPING to +0 spear.
  1772 | D:2      | 1772 ||| DROPPING +0 club.
  1783 | D:2      | 1783 ||| CASTING Summon Small Mammal
  1784 | D:2      | 1784 ||| CASTING Summon Small Mammal
  1785 | D:2      | 1785 ||| CASTING Summon Small Mammal
  1786 | D:2      | 1786 ||| CASTING Summon Small Mammal
  1882 | D:2      | 1882 ||| CASTING Summon Small Mammal
  1883 | D:2      | 1883 ||| CASTING Summon Small Mammal
  1884 | D:2      | 1884 ||| CASTING Summon Small Mammal
  1885 | D:2      | 1885 ||| CASTING Summon Small Mammal
  1893 | D:2      | 1893 ||| CASTING Summon Small Mammal
  2024 | D:2      | 2024 ||| CASTING Summon Small Mammal
  2025 | D:2      | 2025 ||| CASTING Summon Small Mammal
  2026 | D:2      | 2026 ||| CASTING Summon Small Mammal
  2027 | D:2      | 2027 ||| CASTING Summon Small Mammal
  2032 | D:2      | Reached XP level 4. HP: 29/36 MP: 0/5
  2090 | D:2      | 2090 ||| CASTING Summon Small Mammal
  2091 | D:2      | 2091 ||| CASTING Summon Small Mammal
  2092 | D:2      | 2092 ||| CASTING Summon Small Mammal
  2093 | D:2      | 2093 ||| CASTING Summon Small Mammal
  2095 | D:2      | 2095 ||| CASTING Summon Small Mammal
  2101 | D:2      | 2101 ||| Stepping ~*~*~tactically~*~*~ (reaching).
  2102 | D:2      | 2102 ||| Stepping ~*~*~tactically~*~*~ (reaching).
  2103 | D:2      | 2103 ||| CASTING Summon Small Mammal
  2104 | D:2      | 2104 ||| Stepping ~*~*~tactically~*~*~ (reaching).
  2106 | D:2      | 2106 ||| Stepping ~*~*~tactically~*~*~ (reaching).
  2107 | D:2      | 2107 ||| Stepping ~*~*~tactically~*~*~ (reaching).
  2109 | D:2      | 2109 ||| Stepping ~*~*~tactically~*~*~ (reaching).
  2111 | D:2      | 2111 ||| Stepping ~*~*~tactically~*~*~ (reaching).
  2112 | D:2      | 2112 ||| Stepping ~*~*~tactically~*~*~ (reaching).
  2113 | D:2      | 2113 ||| CASTING Summon Small Mammal
  2114 | D:2      | 2114 ||| Stepping ~*~*~tactically~*~*~ (reaching).
  2116 | D:2      | 2116 ||| Stepping ~*~*~tactically~*~*~ (reaching).
  2117 | D:2      | 2117 ||| Stepping ~*~*~tactically~*~*~ (reaching).
  2119 | D:2      | 2119 ||| Stepping ~*~*~tactically~*~*~ (reaching).
  2123 | D:2      | 2123 ||| CASTING Summon Small Mammal
  2134 | D:2      | 2134 ||| CASTING Summon Small Mammal
  2208 | D:2      | 2208 ||| CASTING Summon Small Mammal
  2209 | D:2      | 2209 ||| CASTING Summon Small Mammal
  2210 | D:2      | 2210 ||| CASTING Summon Small Mammal
  2211 | D:2      | 2211 ||| CASTING Summon Small Mammal
  2212 | D:2      | 2212 ||| CASTING Summon Small Mammal
  2448 | D:2      | 2448 ||| CASTING Summon Small Mammal
  2449 | D:2      | 2449 ||| CASTING Summon Small Mammal
  2450 | D:2      | 2450 ||| CASTING Summon Small Mammal
  2451 | D:2      | 2451 ||| CASTING Summon Small Mammal
  2452 | D:2      | 2452 ||| CASTING Summon Small Mammal
  2506 | D:2      | 2506 ||| UPGRADING to +0 cloak.
  2511 | D:2      | 2511 ||| UPGRADING to +1 cloak.
  2521 | D:2      | 2521 ||| DROPPING +0 cloak.
  2522 | D:2      | 2522 ||| UPGRADING to +0 plate armour.
  2532 | D:2      | 2532 ||| DROPPING +0 ring mail.
  2533 | D:2      | 2533 ||| DROPPING amulet of faith.
  2534 | D:2      | 2534 ||| READING scroll labelled OCROFOLOERCH.
  2535 | D:2      | 2535 ||| READING scroll labelled VUEDEAG DYO.
  2536 | D:2      | 2536 ||| READING scroll labelled ZIOFFAALOM.
  2537 | D:2      | 2537 ||| READING scroll labelled SOILICR WOCAMN.
  2695 | D:3      | Noticed Ijyb
  2696 | D:3      | 2696 ||| Stepping ~*~*~tactically~*~*~ (hiding).
  2735 | D:3      | HP: 9/36 [Ijyb/+1 dagger of venom (4)]
  2736 | D:3      | 2736 ||| DRINKING potion of heal wounds.
  2768 | D:3      | HP: 9/36 [Ijyb/+1 dagger of venom (2)]
  2782 | D:3      | HP: 5/36 [Ijyb/+1 dagger of venom (4)]
  2783 | D:3      | HP: 2/36 [Ijyb/+1 dagger of venom (3)]
  2784 | D:3      | Killed Ijyb
  2785 | D:3      | Reached skill level 1 in Armour
  2803 | D:3      | 2803 ||| FLEEEEING.
  2811 | D:3      | 2811 ||| STAIRDANCE
  3041 | D:2      | 3041 ||| DRINKING 3 lumpy inky potions.
  3042 | D:2      | 3042 ||| DROPPING 2 potions of flight.
  3066 | D:3      | 3066 ||| SWAPPING to +0 spear of flaming.
  3067 | D:3      | 3067 ||| DROPPING +0 spear.
  3075 | D:3      | Identified the +5 hand axe "Jeuthum" {pain, Int+4}
  3076 | D:3      | 3076 ||| Stepping ~*~*~tactically~*~*~ (stealth).
  3086 | D:3      | 3086 ||| SWAPPING to +5 hand axe "Jeuthum" {pain, Int+4}.
  3087 | D:3      | 3087 ||| DROPPING +0 spear of flaming.
  3202 | D:3      | Reached XP level 5. HP: 41/41 MP: 6/6
  3425 | D:3      | 3425 ||| Stepping ~*~*~tactically~*~*~ (stealth).
  3493 | D:3      | 3493 ||| READING scroll labelled CANOOCVETOD.
  3546 | D:4      | Reached skill level 3 in Axes
  3615 | D:4      | 3615 ||| Stepping ~*~*~tactically~*~*~ (stealth).
  3616 | D:4      | 3616 ||| Stepping ~*~*~tactically~*~*~ (stealth).
  3627 | D:4      | 3627 ||| Stepping ~*~*~tactically~*~*~ (stealth).
  3837 | D:4      | 3837 ||| SWAPPING to +0 war axe.
  3838 | D:4      | 3838 ||| DROPPING +5 hand axe "Jeuthum" {pain, Int+4}.
  3884 | D:4      | 3884 ||| READING scroll of enchant armour.
  3884 | D:4      | 3884 ||| ENCHANTING +0 helmet.
  3930 | D:4      | Found Xosil's General Store.
  3935 | D:4      | 3935 ||| SHOPLISTING scroll of acquirement (728 gold, have
                  | 267).
  3984 | D:4      | Reached skill level 4 in Axes
  4361 | D:4      | Reached XP level 6. HP: 48/48 MP: 7/7
  4481 | D:4      | 4481 ||| DROPPING +0 club.
  4584 | D:4      | Found a runed translucent door.
  4590 | D:4      | Noticed qw's ghost (amateur DsCA)
  4749 | D:4      | Found a runed translucent door.
  4878 | D:4      | Found an ornate altar of the Wu Jian Council.
  5008 | D:4      | 5008 ||| READING scroll labelled YNOT DOSYRAFI.
  5030 | D:5      | Entered Level 5 of the Dungeon
  5107 | D:5      | Noticed an orc warrior
  5113 | D:5      | 5113 ||| Stepping ~*~*~tactically~*~*~ (stealth).
  5118 | D:5      | HP: 4/50 [orc warrior/+0 hand axe (9)]
  5118 | D:5      | Slain by an orc warrior

Levels and vault maps discovered:
D:1:      minmay_arrival_glassed_features, layout_rooms,
          chequers_ecumenical_altar_simple_redux, nrook_mini_vaults
D:2:      layout_rooms, hangedman_glass_garden
D:3:      layout_basic, uniq_ijyb
D:4:      layout_layer_cave, gammafunk_temple_overflow_elements,
          ebering_ghost_sewer_f, serial_shops,
          nicolae_shop_temple_entry_statues_fountains
D:5:      layout_loops_ring, minmay_temple_entry_butterflies,
          chequers_serial_rivers_micro_e, minivault_11,
          chequers_serial_rivers_large_a, uniq_duvessa

Skill      XL: |  1  2  3  4  5 |
---------------+----------------+-----
Axes           | 1 2 4 |  4.1
Fighting       | 1 2 |  2.7
Armour         | 1 |  1.7
Dodging        | |  1.7
Stealth        | |  2.1
Spellcasting   | |  1.7
Summonings     | |  3.6

Action                   |  1- 3 |  4- 6 || total
-------------------------+-------+-------++-------
Melee: Unarmed           |     7 |       ||     7
       Club              |    90 |       ||    90
       Spear             |     8 |   121 ||   129
       Hand axe          |       |    46 ||    46
       War axe           |       |    55 ||    55
 Cast: Summon Small Mamm |    69 |    17 ||    86
  Use: Scroll            |     1 |     7 ||     8
       Potion            |     1 |     2 ||     3
Armor: Robe              |    10 |       ||    10
       Ring mail         |    47 |    12 ||    59
       Plate armour      |       |   140 ||   140
Dodge: Dodged            |    80 |    34 ||   114

Table legend:
 A = Non-vault XP
 B = Vault XP
 C = Vault XP percentage of total XP
 D = Non-vault monster count
 E = Vault monster count
 F = Vault count percentage of total count
                 A         B        C        D         E       F
            +---------+---------+-------+---------+---------+-------
      Total |     321 |      39 |  10.8 |      75 |       1 |   1.3
            +---------+---------+-------+---------+---------+-------
        D:1 |      37 |       0 |   0.0 |      22 |       0 |   0.0
        D:2 |      62 |       0 |   0.0 |      19 |       0 |   0.0
        D:3 |      34 |      39 |  53.4 |      14 |       1 |   6.7
        D:4 |     175 |       0 |   0.0 |      19 |       0 |   0.0
        D:5 |      13 |       0 |   0.0 |       1 |       0 |   0.0
            +---------+---------+-------+---------+---------+-------
